 Dungeon Crawl Stone Soup version 0.30-a0-626-gd6a5dd7a1f (webtiles) character file.

Game seed: 2583569701396383712

494 DeadOnArrival the Poker (level 6, -1/56 HPs)
             Began as a Draconian Monk on Jan 11, 2023.
             Slain by a gnoll sergeant
             ... wielding a +4 trident of flaming
              (11 damage)
             ... on level 4 of the Dungeon.
             The game lasted 00:06:30 (3955 turns).

DeadOnArrival the Poker (Draconian Monk)            Turns: 3955, Time: 00:06:30

Health: -1/56      AC:  8    Str: 15    XL:     6   Next: 92%
Magic:  6/6        EV: 13    Int: 11    God:
Gold:   208        SH:  0    Dex: 13    Spells: 5/5 levels left

rFire   . . .      SeeInvis .    a - +0 spear
rCold   . . .      Faith    .    (no shield)
rNeg    . . .      Spirit   .    (body armour unavailable)
rPois   +          Reflect  .    (helmet restricted)
rElec   .          Harm     .    (no cloak)
rCorr   .          Rampage  .    (no gloves)
Will    +....                    b - +1 pair of boots
Stlth   ++                       (no amulet)
HPRegen 0.29/turn                P - ring of poison resistance
MPRegen 0.10/turn                g - ring of willpower

@: no status effects
A: AC +6, unfitting armour, cold-blooded
a: no special abilities


You were on level 4 of the Dungeon.
You visited 1 branch of the dungeon, and saw 4 of its levels.

You collected 208 gold pieces.


Innate Abilities, Weirdness & Mutations

Your plain brown scales are hard. (AC +6)
You cannot fit into any form of body armour.
You are cold-blooded and may be slowed by cold attacks.


   Skills:
 + Level 5.1 Fighting
 * Level 5.9 Polearms
 + Level 4.2 Dodging
 - Level 1.7 Stealth


You had 5 spell levels left.
You didn't know any spells.
Your spell library contained the following spells:

 Spells                   Type           Power      Damage    Failure   Level
 Kiss of Death            Conj/Necr      0%         2d5       34%         1
 Confusing Touch          Hex            0%         N/A       71%         3
 Inner Flame              Hex/Fire       0%         N/A       71%         3
 Dispel Undead            Necr           0%         3d6       98%         4
 Flame Wave               Conj/Fire      0%         2d4       98%         4
 Sticky Flame             Conj/Fire      0%         2d3       98%         4

Inventory:

Hand Weapons
 a - a +0 spear (weapon)
Missiles
 h - 27 stones
 v - 5 curare-tipped darts (quivered) {=f}
Armour
 b - a +1 pair of boots (worn)
   (You found it on level 4 of the Dungeon)
Jewellery
 g - a ring of willpower (right hand)
   (You found it on level 1 of the Dungeon)
 P - a ring of poison resistance (left hand)
   (You found it on level 1 of the Dungeon)
 T - an amulet of faith {!P}
   (You found it on level 4 of the Dungeon)
Scrolls
 c - 2 scrolls of amnesia {unknown}
 e - a scroll of fog {unknown}
 f - 4 scrolls of identify {unknown}
 j - a scroll of vulnerability {unknown}
 k - 2 scrolls of noise {unknown}
 l - a scroll of summoning {unknown}
 m - a scroll of teleportation {unknown}
 q - a scroll of immolation {unknown}
 s - a scroll of brand weapon {unknown}
Potions
 d - a potion of resistance {unknown}
 i - 4 potions of curing {unknown}
 n - 2 potions of degeneration {unknown}
 o - a potion of haste {unknown}
 p - a potion of lignification {unknown}
 r - a potion of attraction {unknown}
 t - 2 potions of flight {unknown}
 u - a potion of mutation {unknown}

Dungeon Overview and Level Annotations

Branches:
Dungeon (4/15) Zot: 20116
 Temple: D:4-7

Altars:
Fedhas
Makhleb
Sif Muna

...)###≈##≈≈≈##≈............[...>
....# #≈#######≈..........)..####
....# #≈≈#.?.#≈≈.....>.......# #
....# #≈≈#...#≈≈.............# #
....# #≈≈#...#≈≈.............#
....# #≈###'###≈............##
##### #≈##≈.≈##≈.....#.....##
#≈≈≈≈.≈≈≈≈#.##########
#####ggggg@.# #########


You could see a gnoll sergeant (poisoned, slow) and 4 gnolls.


Message History

You hit the orc.
Your tail-slap misses the orc.
The orc hits you with a +0 mace. 😕 HP[-5]
You take 5 damage, and now have 51/56 hp.
You hit the orc.
You kill the orc!
No target in view!
No target in view!
Things that are here:
a +0 mace; a +0 leather armour; a worm corpse
Found a stone staircase leading down. 😎 HP[+5]
Your hp is fully restored (56).
Key pressed, stopping explore.
Key pressed, stopping explore.
You see here a +0 chain mail.
There is a stone staircase leading down here.
Key pressed, stopping explore.
f - 4 scrolls labelled EWYEFI GUMN (gained 1)
There is a stone staircase leading down here.
As you open the door, it creaks loudly!
A gnoll sergeant and 4 gnolls come into view.
The gnoll sergeant is wielding a +4 trident of flaming.
The gnoll shouts! x2; The gnoll sergeant shouts!
The gnoll shouts!
The gnoll hits you but does no damage.
Press: ? - help, v - describe, . - travel
Here: a gnoll sergeant, wielding a +4 trident of flaming and wearing a +0 ring mail The floor.
The gnoll sergeant hits you from afar with a +4 trident of flaming.
The gnoll sergeant burns you. 😕 HP[-6]
You take 6 damage, and now have 50/56 hp. 😕 HP[+1] Throw: 6 darts (curare) {=f}
Press: ? - help, Q - select action, (/) - cycle Shift-Dir - straight line, f - gnoll sergeant
Aim: a gnoll sergeant, wielding a +4 trident of flaming and wearing a +0 ring mail (67% to hit)
You throw a curare-tipped dart {=f}.
The curare-tipped dart {=f} hits the gnoll sergeant.
The gnoll sergeant is poisoned.
The gnoll sergeant convulses.
The gnoll sergeant seems to slow down.
You hit the gnoll sergeant but do no damage.
The gnoll barely misses you.
The gnoll sergeant hits you with a +4 trident of flaming.
The gnoll sergeant burns you. 😕 HP[-3]
You take 3 damage, and now have 48/56 hp.
You barely miss the gnoll sergeant. The gnoll barely misses you.
You closely miss the gnoll sergeant.
The gnoll sergeant hits you with a +4 trident of flaming!
The gnoll sergeant burns you. 😮 HP[-15]
You take 15 damage, and now have 33/56 hp.
MASSIVE DAMAGE!! (PAUSE)
You hit the gnoll sergeant but do no damage.
The gnoll hits you from afar with a +0 spear.
* * * LOW HITPOINT WARNING * * *
😨 HP[-6]
You take 6 damage, and now have 27/56 hp.
You hit the gnoll sergeant. The gnoll closely misses you.
The gnoll sergeant closely misses you. 😨 HP[+1]
You hit the gnoll sergeant but do no damage.
You tail-slap the gnoll sergeant, but do no damage.
The gnoll hits you from afar with a +0 spear.
* * * LOW HITPOINT WARNING * * *
😨 HP[-2]
You take 2 damage, and now have 26/56 hp.
You closely miss the gnoll sergeant.
You tail-slap the gnoll sergeant, but do no damage.
The gnoll hits you from afar with a +0 spear.
* * * LOW HITPOINT WARNING * * *
The gnoll sergeant closely misses you. 😨 HP[-4]
You take 4 damage, and now have 22/56 hp.
You barely miss the gnoll sergeant.
Your tail-slap misses the gnoll sergeant.
You barely miss the gnoll sergeant.
The gnoll hits you but does no damage. 😨 HP[+1]
You hit the gnoll sergeant but do no damage.
The gnoll closely misses you. The gnoll sergeant misses you.
You barely miss the gnoll sergeant.
The gnoll hits you from afar with a +0 spear.
* * * LOW HITPOINT WARNING * * *
😨 HP[-2]
You take 2 damage, and now have 21/56 hp.
You hit the gnoll sergeant but do no damage.
The gnoll sergeant hits you with a +4 trident of flaming!
* * * LOW HITPOINT WARNING * * *
The gnoll sergeant burns you.
* * * LOW HITPOINT WARNING * * *
The gnoll misses you. 😱 HP[-12]
You take 12 damage, and now have 9/56 hp.
MASSIVE DAMAGE!! (PAUSE)
You hit the gnoll sergeant but do no damage.
The gnoll hits you but does no damage.
Unknown command.
You hit the gnoll sergeant.
The gnoll sergeant hits you with a +4 trident of flaming!
You die...

Skill      XL: |  1  2  3  4  5  6 |
---------------+-------------------+-----
Dodging        | 3 4 |  4.2
Polearms       | 4 5 |  5.9
Fighting       | 4 5 |  5.1
Stealth        | |  1.7

Action                   |  1- 3 |  4- 6 || total
-------------------------+-------+-------++-------
Melee: Spear             |   115 |   402 ||   517
       Tailslap          |     8 |    42 ||    50
       Punch             |     1 |     4 ||     5
Throw: Stone             |       |     6 ||     6
       Dart              |       |     1 ||     1
  Use: Potion            |       |     1 ||     1
 Stab: Sleeping          |     3 |     6 ||     9
       Distracted        |     1 |       ||     1
Armor: Skin              |    26 |   114 ||   140
Dodge: Dodged            |    53 |   219 ||   272

Levels and vault maps discovered:
D:1:      wander_arrival_fairy_ring, layout_loops_ring, serial_forest,
          infiniplex_forest_straight_3, infiniplex_forest_clump_curved,
          infiniplex_forest_zigzag_2, infiniplex_forest_lined_2,
          infiniplex_forest_lined_ring, hangedman_feature_mirror,
          minmay_bisected
D:2:      minmay_recursive_quarters, layout_basic
D:3:      kennysheep_big_flooded_room, layout_basic, led_sif_book,
          mainiacjoe_overflow_surrounded_room,
          mainiacjoe_overflow_small_starburst, minmay_misc_feat_five,
          goddamned_bats
D:4:      layout_rooms, lightli_minifort

Notes
Turn   | Place    | Note
-------+----------+-------------------------------------------
     0 | D:1      | DeadOnArrival the Draconian Monk began the quest for the
                  | Orb.
     0 | D:1      | Reached XP level 1. HP: 19/19 MP: 1/1
     0 | D:1      | magus.rc [v1.11.4]
   240 | D:1      | Reached XP level 2. HP: 26/26 MP: 2/2
   281 | D:1      | You pick up a book of Touch and begin reading...
   281 | D:1      | You add the spells Kiss of Death, Confusing Touch and
                  | Dispel Undead to your library.
   784 | D:2      | Reached skill level 3 in Dodging
   934 | D:2      | Reached XP level 3. HP: 33/33 MP: 3/3
  1088 | D:2      | Reached skill level 4 in Polearms
  1149 | D:2      | Reached XP level 4. HP: 40/40 MP: 4/4
  1390 | D:2      | Reached skill level 4 in Fighting
  1846 | D:3      | Found a burning altar of Makhleb.
  1858 | D:3      | Found a blossoming altar of Fedhas.
  1943 | D:3      | Reached XP level 5. HP: 21/46 MP: 5/5
  2096 | D:3      | Reached skill level 5 in Polearms
  2187 | D:3      | Reached XP level 6. HP: 53/53 MP: 6/6
  2447 | D:3      | You pick up a book of Flames and begin reading...
  2447 | D:3      | You add the spells Inner Flame, Sticky Flame and Flame Wave
                  | to your library.
  2552 | D:3      | Found a shimmering blue altar of Sif Muna.
  2595 | D:3      | Reached skill level 4 in Dodging
  3087 | D:4      | Reached skill level 5 in Fighting
  3314 | D:4      | HP: 14/56 [gnoll/+0 halberd (6)]
  3953 | D:4      | HP: 13/56 [gnoll sergeant/+4 trident of flaming (8)]
  3955 | D:4      | Slain by a gnoll sergeant

Vanquished Creatures
  A vampire bat (D:3)
  6 orc wizards (D:3)
  6 gnolls (D:4)
  7 adders
  2 worms
  3 dart slugs
  3 fire bats (D:3)
  7 orcs
  2 spectral bats (D:3)
  3 bat skeletons (D:3)
  A bat zombie (D:3)
  6 endoplasms
  2 giant cockroaches
  9 goblins
  11 hobgoblins
  6 jackals
  3 quokkas
  2 ball pythons
  14 bats
  A bat simulacrum (D:3)
  A frilled lizard (D:1)
  5 kobolds
  6 rats
107 creatures vanquished.

Vanquished Creatures (others)
  3 plants (D:1)
3 creatures vanquished.

Grand Total: 110 creatures vanquished

Table legend:
 A = Non-vault XP
 B = Vault XP
 C = Vault XP percentage of total XP
 D = Non-vault monster count
 E = Vault monster count
 F = Vault count percentage of total count
                 A         B        C        D         E       F
            +---------+---------+-------+---------+---------+-------
      Total |     399 |     308 |  43.6 |      69 |      38 |  35.5
            +---------+---------+-------+---------+---------+-------
        D:1 |      23 |       7 |  23.3 |      13 |       4 |  23.5
        D:2 |      56 |      44 |  44.0 |      20 |      10 |  33.3
        D:3 |     187 |     257 |  57.9 |      18 |      24 |  57.1
        D:4 |     133 |       0 |   0.0 |      18 |       0 |   0.0
            +---------+---------+-------+---------+---------+-------

Illustrated notes

Table legend:
 A = Kills in this place as a percentage of kills in entire the game.
 B = Kills by you in this place as a percentage of kills by you in the entire game.
 C = Kills by friends in this place as a percentage of kills by friends in the entire game.
 D = Other kills in this place as a percentage of other kills in the entire game.
 E = Experience gained in this place as a percentage of experience gained in the entire game.
 F = Experience gained in this place divided by the number of levels of this place that you have seen.
                   A       B       C       D       E      F
               +-------+-------+-------+-------+-------+----------------------
         Total | 100.0 | 100.0 |   N/A |   N/A | 100.0 | 176.8
       Dungeon | 100.0 | 100.0 |   N/A |   N/A | 100.0 | 176.8
               +-------+-------+-------+-------+-------+----------------------

Table legend: (Time is in decaauts)
 A = Elapsed time spent in this place.
 B = Non-inter-level travel time spent in this place.
 C = Inter-level travel time spent in this place.
 D = Time resting spent in this place.
 E = Time spent auto-exploring this place.
 F = Levels seen in this place.
 G = Mean time per level.
                   A        B        C        D        E       F      G
               +--------+--------+--------+--------+--------+-----+--------+
         Total |   3882 |   3807 |     75 |    202 |   2786 |   4 |  970.5 |
       Dungeon |   3882 |   3807 |     75 |    202 |   2786 |   4 |  970.5 |
               +--------+--------+--------+--------+--------+-----+--------+

Top non-repeatable levels by time:
     D:3: 1372 daAuts
     D:4: 883 daAuts
     D:2: 854 daAuts
     D:1: 771 daAuts
